Map: Terrasses de Prion

Players

MightySlayer

  • Race: Terran Terran
  • League: Silver
  • Spawn Location: 11:00

zidar - Winner!

  • Race: Zerg Zerg
  • League: Silver
  • Spawn Location: 5:00

VOD

Have the link to the VOD?

Description

Time

  • Played on: Dec. 30, 2015, 1:55 p.m.
  • Length: 11:26
Show
View Real Time Build Order
Export as new Build Order

MightySlayer Terran 

Build Orders:  

Get SALT Encoding   

  12  0:01  SCV  
  13  0:13  SCV  
  14  0:21  Supply Depot  
  14  0:25  SCV  
  15  0:43  SCV  
  15  0:44  Barracks  
  16  0:56  Barracks  
  16  0:57  SCV  
  17  1:09  SCV  
  18  1:21  SCV  
  19  1:33  SCV  
  20  1:40  Marine  
  20  1:46  SCV  
  22  1:48  Command Center  
  22  1:55  Marine  
  23  2:09  Supply Depot  
  23  2:20  Orbital Command  
  23  2:28  Supply Depot  
  23  2:29  Supply Depot  
  23  2:30  Marine x2  
  25  2:45  Barracks  
  25  2:48  Marine x2  
  25  2:49  Refinery  
  27  2:53  Refinery  
  27  2:57  SCV  
  28  3:06  Orbital Command  
  28  3:09  SCV  
  29  3:17  Marine  
  29  3:18  Marine  
  31  3:27  Engineering Bay  
  31  3:31  SCV  
  31  3:33  SCV  
  33  3:35  Marine x2  
  33  3:36  Marine  
  36  3:50  Barracks  
  36  3:53  Marine  
  37  4:01  Barracks Tech Lab  
  37  4:03  Barracks Tech Lab  
  37  4:11  Marine, SCV x2  
  40  4:17  Terran Infantry Weapons Level 1  
  40  4:20  Stimpack  
  40  4:23  Combat Shield, SCV x2  
  42  4:24  Marine x2  
  42  4:29  Marine  
  45  4:37  Marine  
  46  4:42  Marine x2  
  48  4:46  Marine  
  49  4:55  Marine, SCV  
  49  4:56  SCV  
  52  5:00  Marine x2  
  52  5:04  Marine  
  52  5:05  Refinery  
  55  5:07  SCV  
  55  5:08  Factory, SCV  
  55  5:13  Marine  
  58  5:15  Factory  
  58  5:27  Barracks Tech Lab  
  58  5:33  Marine  
  58  5:34  Marine x2  
  61  5:46  Supply Depot  
  61  5:47  Supply Depot  
  61  5:51  Marine  
  62  6:01  Missile Turret  
  62  6:03  Missile Turret  
  62  6:04  Command Center  
  62  6:07  Marine x2  
  62  6:09  Marine  
  62  6:10  SCV x2, Supply Depot  
  62  6:11  Terran Infantry Armor Level 1  
  67  6:12  Supply Depot  
  67  6:17  Factory Tech Lab  
  67  6:18  Factory Tech Lab  
  67  6:22  SCV  
  67  6:25  Marine x2  
  70  6:30  Missile Turret  
  70  6:32  Missile Turret  
  70  6:33  SCV  
  70  6:35  SCV  
  70  6:38  Barracks Reactor  
  72  6:40  Marine  
  72  6:43  Marine, Marauder, Missile Turret  
  72  6:46  SCV  
  77  6:58  Marine  
  77  6:59  Refinery  
  77  7:01  Marine  
  79  7:04  Missile Turret  
  83  7:10  Widow Mine  
  83  7:11  Widow Mine  
  70  7:39  Widow Mine x2  
  70  7:58  Missile Turret  
  70  8:00  Missile Turret  
  74  8:14  Marine x3  
  74  8:15  Marauder x2  
  74  8:19  Widow Mine x2  
  81  8:25  Planetary Fortress  
  81  8:29  SCV  
  81  8:32  Marine x2  
  81  8:33  Marauder  
  86  8:34  Refinery  
  86  8:36  Marauder x2  
  94  8:48  Widow Mine x2  
  88  8:50  Marine x2  
  88  8:54  Marauder  
  77  9:07  Marine x2  
  77  9:08  Marine, Marauder  
  86  9:15  Marauder  
  86  9:16  Widow Mine x2  
  88  9:25  Marine x2  
  88  9:26  Marauder  
  88  9:29  Marauder  
  92  9:37  Marauder  
  73  9:43  Marine x2  
  73  9:45  Widow Mine  
  71  9:47  Marauder  
  71  9:50  Marine  
  46  10:06  Marine x2  
  46  10:07  Marauder  
  46  10:08  Marine, Marauder  
  36  10:24  Marine x2  
  36  10:26  Marauder  
  38  10:28  Marauder  
  35  10:41  Siege Tank x2  
  35  10:42  Marine  
  40  10:45  Marine  
  40  10:49  Marauder  
  38  11:03  Marine  
Show
View Real Time Build Order
Export as new Build Order

zidar Zerg - Winner!

Build Orders: Hatch First 

Get SALT Encoding   

  12  0:02  Drone  
  13  0:17  Overlord  
  13  0:18  Drone  
  14  0:23  Extractor, Drone  
  15  0:35  Drone  
  16  0:38  Drone  
  17  0:56  Hatchery  
  16  0:57  Drone  
  17  1:13  Spawning Pool  
  17  1:15  Drone  
  17  1:18  Extractor  
  16  1:21  Drone  
  16  1:25  Drone  
  18  1:38  Drone  
  19  1:44  Overlord  
  19  1:53  Drone  
  20  2:11  Queen  
  20  2:14  Queen  
  23  2:17  Zergling x2  
  23  2:18  Zergling x4  
  26  2:24  Metabolic Boost  
  26  2:30  Zergling x2  
  27  2:51  Roach Warren  
  27  2:55  Drone x5  
  31  2:59  Extractor  
  30  3:06  Drone  
  31  3:25  Drone x5  
  36  3:30  Overlord x2  
  36  3:48  Zergling x2  
  37  4:08  Extractor  
  36  4:10  Extractor  
  35  4:17  Drone x12  
  47  4:31  Queen  
  47  4:38  Hatchery  
  48  4:41  Evolution Chamber  
  47  4:59  Roach x2  
  51  5:03  Overlord x2  
  51  5:04  Overlord x2  
  51  5:23  Zerg Missile Weapons Level 1  
  51  5:29  Roach  
  51  5:30  Roach x5  
  63  5:47  Pneumatized Carapace  
  63  6:20  Lair  
  63  6:25  Hatchery  
  62  6:35  Spore Crawler  
  61  6:42  Spore Crawler  
  59  7:18  Roach x6  
  59  7:19  Roach x6  
  59  7:22  Overlord  
  83  7:23  Overlord x3  
  83  7:34  Zerg Ground Armor Level 1  
  83  7:37  Ravager x3  
  82  7:41  Ravager  
  81  8:11  Overseer  
  81  8:13  Evolution Chamber  
  81  8:15  Roach  
  81  8:16  Roach x8  
  99  8:34  Ravager x7  
  99  8:35  Ravager x3  
  99  8:39  Hatchery  
  93  8:57  Zerg Missile Weapons Level 2  
  93  9:02  Roach  
  101  9:03  Roach x3  
  101  9:30  Hatchery  
  61  10:22  Roach x12  
  83  11:02  Roach x6  
Tags
 
Add a new tag
Caveats
  • Supply blocks, unpowered buildings, or Contaminate may cause inaccurate times.
  • Supply counts are checked every 10 seconds.